 Dungeon Crawl Stone Soup version 0.29.0-15-g675c0067aa (webtiles) character file.

Game seed: 16973033826262646651

109393 qw the Severer (level 16, -3/154 (157) HPs)
             Began as a Minotaur Berserker on Sept 11, 2022.
             Was an Elder of Trog.
             Slain by a sun demon (7 damage)
             ... summoned by an orc high priest
             ... on level 2 of the Orcish Mines.
             The game lasted 00:10:42 (31975 turns).

qw the Severer (Minotaur Berserker)                Turns: 31975, Time: 00:10:42

HP:   -3/154 (157)  AC: 31    Str: 29    XL:     16   Next: 4%
MP:   15/15         EV: 10    Int: 10    God:    Trog [****..]
Gold: 539           SH: 18    Dex: 11    Spells: 15/15 levels left

rFire   . . .      SeeInvis .   Y - +2 broad axe (protect)
rCold   . . .      Faith    .   p - +0 kite shield
rNeg    . . .      Spirit   .   h - +3 plate armour
rPois   +          Reflect  +   (helmet restricted)
rElec   .          Harm     .   r - +0 cloak
rCorr   .          Rampage  .   g - +1 pair of gloves
Will    +....                   (no boots)
Stlth   ..........              i - amulet of reflection
HPRegen 0.35/turn               j - ring of poison resistance
MPRegen 0.14/turn               f - +6 ring of intelligence

@: about to teleport, under a protective aura, on berserk cooldown, slowed,
lightly drained, very slow
A: horns 2, retaliatory headbutt, hooves 1, sturdy frame 1
a: Renounce Religion, Berserk, Trog's Hand, Brothers in Arms


You were on level 2 of the Orcish Mines.
You worshipped Trog.
Trog was greatly pleased with you.
You visited 3 branches of the dungeon, and saw 22 of its levels.

You collected 2051 gold pieces.
You spent 1512 gold pieces at shops.


Innate Abilities, Weirdness & Mutations

You have a pair of horns on your head.
You reflexively headbutt those who attack you in melee.
You have large cloven feet.
Your movements are slightly less encumbered by armour. (ER -2)


   Skills:
 - Level 18.0 Fighting
 - Level 18.0 Axes
 + Level 3.9 Throwing
 - Level 16.0 Armour
 - Level 7.0 Dodging
 - Level 16.2 Shields


You had 15 spell levels left.
You didn't know any spells.
Your spell library was empty.

Inventory:

Hand Weapons
 t - a -1 demon whip of venom
 Y - a +2 broad axe of protection (weapon)
Missiles
 o - 6 boomerangs (quivered)
Armour
 g - a +1 pair of gloves (worn)
 h - a +3 plate armour (worn)
 p - a +0 kite shield (worn)
 r - a +0 cloak (worn)
Jewellery
 f - a +6 ring of intelligence (right hand)
 i - an amulet of reflection (around neck)
 j - a ring of poison resistance (left hand)
 m - a ring of resist corrosion
 n - a ring of willpower
 s - a ring of positive energy
Scrolls
 b - 10 scrolls of teleportation
 k - 14 scrolls of identify
Potions
 a - 9 potions of curing
 c - 5 potions of heal wounds
 d - 3 potions of mutation
 e - a potion of resistance
 l - 5 potions of haste
 q - 2 potions of might

Dungeon Overview and Level Annotations

Branches:
Dungeon (15/15)            Temple (0/1) D:7            Lair (5/5) D:10
  Swamp (0/4) Lair:2       Spider (0/4) Lair:2        Slime (0/5) Lair:4
    Orc (2/2) D:9          Vaults (0/5) D:13         Depths (0/4) D:15
    Elf: Orc:2

Altars:
Dithmenos
Elyvilon
Hepliaklqana
Nemelex Xobeh
Okawaru
Qazlal
Trog
Vehumet
The Shining One
Jiyva
Lugonu

Shops:
D:4 ?   D:7 ?   D:11 ?*(   D:14 *?   Orc:1 *   Orc:2 *[(

Portals:
Abyss: D:6 Lair:5
Trove: D:14 (give 2 scrolls of acquirement)

Annotations:
D:6 2 transporters, qw's ghost, novice DsCA
D:15 2 transporters, Qishud's ghost, adept GrEE


Message History

You closely miss the sun demon. Your kick misses the sun demon.
You barely miss the sixfirhy. You barely miss the orc warrior.
The sun demon hits you!
You are engulfed in flames!
The orc high priest hits you but does no damage.
You block the orc warrior's attack.
31973 ||| INVOKING Brothers in Arms.
Your ogre goes berserk!
Trog will no longer gift you weapons. You block the sixfirhy's attack.
You block the sun demon's attack.
The sixfirhy hits you but does no damage.
Something hits you but does no damage.
The orc high priest hits you but does no damage.
The orc warrior hits you with a +0 battleaxe.
The orc warrior hits your ogre with a +0 battleaxe.
The sun demon hits you but does no damage.
The sixfirhy closely misses you. You furiously retaliate!
You headbutt the sixfirhy! Something hits you but does no damage.
The orc high priest intones a terrible prayer.
The orc high priest hits you from afar with a +0 trident.
You slice the sixfirhy!! Your headbutt misses the sixfirhy.
The sixfirhy is almost dead.
You barely miss the sun demon. You closely miss something.
You barely miss the orc warrior. You block the sixfirhy's attack.
The sixfirhy hits you but does no damage.
You block the sixfirhy's attack. The sun demon hits you!
You are engulfed in flames!
The orc warrior barely misses you.
The orc warrior hits your ogre with a +0 battleaxe!
Your ogre hits the orc warrior with a +0 giant club!!!
The orc warrior dies!
Trog accepts your kill.
The sixfirhy hits you but does no damage.
Something hits you but does no damage.
The orc priest invokes the aid of Beogh against you.
Beogh smites you! You block the orc high priest's attack.
31975 ||| READING 11 scrolls of teleportation.
As you read the scroll of teleportation, it crumbles to dust.
You feel strangely unstable. The sixfirhy hits you! The sixfirhy shocks you!
The sun demon hits you!
You die...

[..)[.P.... .)..[......#.
.......... 8[\..........
......... ).)...........
......... .[)...........
.........
.PP..........o.#........
...............#.O....#.
..P.........).#33Ooo....
.............#.#@# #...
................###.....
............^.)## ......
......#........###......
.....##......)......... .
.....................# ..
........#.#..........#...
.##....###....P.P........
.#....#..#...............


You could see an orc high priest (ally target), a sun demon (summoned), a
sixfirhy (summoned), an orc warrior, an ogre, an orc priest and a friendly ogre
(summoned, berserk).

Vanquished Creatures
  Rupert (D:13)
  A sphinx (D:15)
  A tengu reaver (D:15)
  A storm dragon (D:13)
  Azrael (D:12)
  A stone giant (D:13)
  2 fire dragons (D:13)
  5 boulder beetles
  7 hydras
  Erolcha (D:12)
  An ogre mage (D:13)
  7 centaur warriors
  4 death yaks (Lair:4)
  A tengu warrior (D:15)
  A titan zombie (D:15)
  2 thrashing horrors (Lair:5)
  Amaemon (Lair:2)
  A fire crab (Lair:4)
  A skeletal warrior (D:15)
  A flayed ghost (D:13)
  3 bog bodies (Lair:2)
  A wizard (D:14)
  A swamp dragon (Lair:5)
  4 large abominations (Lair:5)
  2 phantasmal warriors
  2 necromancers
  A fire giant zombie (D:15)
  4 orc knights
  4 deep elf pyromancers
  2 stone giant zombies (D:15)
  5 cyclopes
  3 orc sorcerers (Orc:2)
  25 ugly things
  A will-o-the-wisp (Lair:5)
  5 black mambas
  5 manticores
  An elephant (shapeshifter) (D:15)
  A smoke demon (Lair:5)
  A torpor snail (Lair:4)
  4 gargoyles
  10 cane toads
  An orange demon (Lair:2)
  A water nymph (shapeshifter) (Lair:5)
  6 komodo dragons
  3 rime drakes
  A guardian mummy (D:15)
  An ancient zyme (Lair:5)
  2 tengu conjurers
  A yaktaur (shapeshifter) (Lair:5)
  A merfolk (shapeshifter) (D:13)
  A meliai (shapeshifter) (Lair:5)
  7 trolls
  2 polar bears (Lair:3)
  4 meliai
  A queen bee (Lair:1)
  A hornet (D:11)
  Grinder (D:3)
  15 blink frogs
  22 slime creatures
  2 dream sheep (Lair:4)
  2 spriggans
  4 wraiths
  6 wyverns
  A ynoxinul (Lair:5)
  A fire elemental (D:12)
  3 shadows
  74 yaks
  Eustachio (D:5)
  A human (shapeshifter) (D:13)
  2 steam dragons
  9 vampire mosquitoes
  A chaos spawn (Lair:5)
  6 basilisks
  2 swamp worms (Lair:2)
  2 wargs (Orc:2)
  An acid dragon (D:10)
  7 hell hounds (D:12)
  29 water moccasins
  4 black bears
  A sky beast (D:7)
  An ice beast (D:8)
  25 orc warriors
  A black bear (shapeshifter) (D:15)
  14 ogres
  16 wolves
  5 centaurs
  A phantom (D:7)
  Blork the orc (D:6)
  2 kobold brigands (D:8)
  A necrophage (D:6)
  5 bullfrogs
  2 gnoll sergeants
  2 scorpions
  7 wights
  29 killer bees
  2 electric eels
  5 howler monkeys
  A hound (D:6)
  17 orc priests
  A gnoll bouda (D:9)
  9 small abominations (Lair:5)
  Natasha (thrice) (D:3)
  3 iguanas
  20 orc wizards
  5 hell rats (Lair:3)
  Robin (D:4)
  13 gnolls
  3 adders
  2 shadow imps
  2 white imps
  An ufetubus (D:6)
  3 worms
  2 dart slugs
  55 orcs
  10 bats
  5 endoplasms
  6 giant cockroaches
  16 goblins
  8 hobgoblins
  5 jackals
  17 kobolds
  5 quokkas
  6 ball pythons
  2 frilled lizards
  5 rats
701 creatures vanquished.

Vanquished Creatures (collateral kills)
  3 hydras
  A catoblepas (Lair:4)
  Erica (D:10)
  A death yak (Lair:4)
  A thrashing horror (Lair:5)
  Lodul (D:10)
  A dream sheep (Lair:4)
  2 vampire mosquitoes (Lair:5)
  An orc warrior (Orc:2)
  A jelly (Lair:4)
  An orc (Orc:2)
14 creatures vanquished.

Vanquished Creatures (others)
  A bush (Lair:3)
  10 foxfires (Lair:5)
  34 fungi
  39 plants
  A withered plant (D:15)
85 creatures vanquished.

Grand Total: 800 creatures vanquished

Notes
Turn   | Place    | Note
-------+----------+-------------------------------------------
     0 | D:1      | qw the Minotaur Berserker began the quest for the Orb.
     0 | D:1      | Reached XP level 1. HP: 19/19 MP: 0/0
     0 | D:1      | 0 ||| qw: Version: 0.1-a-119-g272c26d
     0 | D:1      | 0 ||| qw: Game counter: 10671
     0 | D:1      | 0 ||| qw: Always use a shield: true
     0 | D:1      | 0 ||| qw: Do Orc after D:15 true
     0 | D:1      | 0 ||| qw: Do second Lair branch before Depths: true
     0 | D:1      | 0 ||| qw: Lair rune preference: random
     0 | D:1      | 0 ||| qw: Plans: Normal
     0 | D:1      | 0 ||| PLANNING D:1-11
   262 | D:1      | Reached XP level 2. HP: 26/26 MP: 1/1
   687 | D:1      | 687 ||| UPGRADING to +0 pair of gloves.
   692 | D:1      | 692 ||| UPGRADING to +0 ring mail.
   702 | D:1      | 702 ||| DROPPING +0 animal skin.
   703 | D:1      | 703 ||| DROPPING scarf of shadows.
   704 | D:1      | 704 ||| DROPPING ring of magical power.
   705 | D:1      | 705 ||| READING scroll labelled SIOPIT WEE.
   706 | D:1      | 706 ||| READING scroll labelled PEH LUEVOF BOC.
   707 | D:1      | 707 ||| READING scroll labelled KOCEG TUTA.
   711 | D:1      | 711 ||| DRINKING 2 purple potions.
   712 | D:1      | 712 ||| DRINKING 2 fizzy ruby potions.
   712 | D:1      | Gained mutation: Your movements are slightly less
                  | encumbered by armour. (ER -2) [potion of mutation]
   712 | D:1      | Gained mutation: You have large cloven feet. [potion of
                  | mutation]
   748 | D:2      | 748 ||| Stepping ~*~*~tactically~*~*~ (stealth).
   749 | D:2      | 749 ||| Stepping ~*~*~tactically~*~*~ (stealth).
   793 | D:2      | 793 ||| READING scroll of enchant weapon.
   793 | D:2      | 793 ||| ENCHANTING +1 hand axe.
   821 | D:2      | Reached XP level 3. HP: 23/31 MP: 2/2
   822 | D:2      | Reached ** piety under Trog
   827 | D:2      | 827 ||| FLEEEEING.
   828 | D:2      | 828 ||| FLEEEEING.
   829 | D:2      | 829 ||| FLEEEEING.
   830 | D:2      | 830 ||| FLEEEEING.
   831 | D:2      | 831 ||| FLEEEEING.
   832 | D:2      | 832 ||| FLEEEEING.
   833 | D:2      | 833 ||| FLEEEEING.
   834 | D:2      | 834 ||| FLEEEEING.
   835 | D:2      | 835 ||| FLEEEEING.
   838 | D:2      | 838 ||| STAIRDANCE
   894 | D:2      | 894 ||| INVOKING Berserk.
   901 | D:2      | 901 ||| STAIRDANCE
  1018 | D:2      | 1018 ||| DROPPING +0 club.
  1219 | D:2      | 1219 ||| Stepping ~*~*~tactically~*~*~ (stealth).
  1231 | D:2      | 1231 ||| Stepping ~*~*~tactically~*~*~ (stealth).
  1232 | D:2      | 1232 ||| Stepping ~*~*~tactically~*~*~ (stealth).
  1233 | D:2      | 1233 ||| Stepping ~*~*~tactically~*~*~ (stealth).
  1236 | D:2      | 1236 ||| Stepping ~*~*~tactically~*~*~ (stealth).
  1418 | D:2      | 1418 ||| UPGRADING to ring of poison resistance.
  1419 | D:2      | 1419 ||| READING scroll labelled KUDWIS YDUOMO.
  1420 | D:2      | 1420 ||| READING 2 scrolls labelled AMIUFA VIUDGHU.
  1624 | D:3      | Noticed Natasha
  1626 | D:3      | 1626 ||| INVOKING Berserk.
  1629 | D:3      | Killed Natasha
  1630 | D:3      | Reached skill level 6 in Axes
  1630 | D:3      | Reached XP level 4. HP: 39/39 MP: 3/3
  1752 | D:3      | 1752 ||| Stepping ~*~*~tactically~*~*~ (stealth).
  1753 | D:3      | 1753 ||| Stepping ~*~*~tactically~*~*~ (stealth).
  1814 | D:3      | 1814 ||| Stepping ~*~*~tactically~*~*~ (hiding).
  1819 | D:3      | 1819 ||| INVOKING Berserk.
  2054 | D:3      | 2054 ||| Stepping ~*~*~tactically~*~*~ (stealth).
  2059 | D:3      | 2059 ||| Stepping ~*~*~tactically~*~*~ (hiding).
  2065 | D:3      | 2065 ||| INVOKING Berserk.
  2067 | D:3      | Reached XP level 5. HP: 45/45 MP: 4/4
  2206 | D:3      | Noticed Grinder
  2207 | D:3      | 2207 ||| Stepping ~*~*~tactically~*~*~ (hiding).
  2210 | D:3      | 2210 ||| INVOKING Trog's Hand.
  2211 | D:3      | 2211 ||| INVOKING Berserk.
  2217 | D:3      | Killed Grinder
  2218 | D:3      | Reached XP level 6. HP: 52/52 MP: 5/5
  2434 | D:3      | Found a hazy altar of Hepliaklqana.
  2526 | D:3      | Noticed Natasha
  2527 | D:3      | 2527 ||| Stepping ~*~*~tactically~*~*~ (stealth).
  2529 | D:3      | 2529 ||| Stepping ~*~*~tactically~*~*~ (hiding).
  2530 | D:3      | 2530 ||| Stepping ~*~*~tactically~*~*~ (hiding).
  2533 | D:3      | 2533 ||| INVOKING Berserk.
  2534 | D:3      | Killed Natasha
  2535 | D:3      | Reached skill level 9 in Axes
  2761 | D:3      | 2761 ||| DROPPING scarf of invisibility.
  2762 | D:3      | 2762 ||| READING scroll labelled KORAQI MIRYN.
  2763 | D:3      | 2763 ||| DRINKING 2 fuming ruby potions.
  2795 | D:3      | 2795 ||| DRINKING 2 coppery potions.
  2796 | D:3      | 2796 ||| DROPPING potion of lignification.
  2797 | D:3      | 2797 ||| DROPPING potion of degeneration.
  2826 | D:4      | 2826 ||| Stepping ~*~*~tactically~*~*~ (hiding).
  2830 | D:4      | 2830 ||| INVOKING Berserk.
  2902 | D:4      | Reached XP level 7. HP: 58/61 MP: 6/6
  2988 | D:4      | Found a shadowy altar of Dithmenos.
  3145 | D:4      | 3145 ||| Stepping ~*~*~tactically~*~*~ (stealth).
  3147 | D:4      | 3147 ||| Stepping ~*~*~tactically~*~*~ (hiding).
  3151 | D:4      | Reached *** piety under Trog
  3172 | D:4      | 3172 ||| SWAPPING to +0 war axe.
  3173 | D:4      | 3173 ||| DROPPING +2 hand axe.
  3198 | D:4      | 3198 ||| Stepping ~*~*~tactically~*~*~ (hiding).
  3199 | D:4      | 3199 ||| Stepping ~*~*~tactically~*~*~ (hiding).
  3209 | D:4      | 3209 ||| Stepping ~*~*~tactically~*~*~ (stealth).
  3211 | D:4      | Noticed Robin
  3212 | D:4      | 3212 ||| Stepping ~*~*~tactically~*~*~ (stealth).
  3214 | D:4      | 3214 ||| Stepping ~*~*~tactically~*~*~ (hiding).
  3218 | D:4      | 3218 ||| INVOKING Berserk.
  3219 | D:4      | Killed Robin
  3236 | D:4      | 3236 ||| FLEEEEING.
  3237 | D:4      | 3237 ||| FLEEEEING.
  3238 | D:4      | 3238 ||| FLEEEEING.
  3239 | D:4      | 3239 ||| FLEEEEING.
  3240 | D:4      | 3240 ||| FLEEEEING.
  3241 | D:4      | 3241 ||| FLEEEEING.
  3242 | D:4      | 3242 ||| FLEEEEING.
  3243 | D:4      | 3243 ||| FLEEEEING.
  3244 | D:4      | 3244 ||| FLEEEEING.
  3245 | D:4      | 3245 ||| FLEEEEING.
  3246 | D:4      | 3246 ||| FLEEEEING.
  3247 | D:4      | 3247 ||| FLEEEEING.
  3248 | D:4      | 3248 ||| STAIRDANCE
  3326 | D:3      | Noticed Natasha
  3327 | D:3      | 3327 ||| Stepping ~*~*~tactically~*~*~ (stealth).
  3331 | D:3      | 3331 ||| INVOKING Berserk.
  3333 | D:3      | Killed Natasha
  3446 | D:3      | 3446 ||| UPGRADING to +0 chain mail.
  3456 | D:3      | 3456 ||| DROPPING +0 ring mail.
  3457 | D:3      | 3457 ||| UPGRADING to +6 ring of intelligence.
  3480 | D:4      | Found Joesirhe's Magic Scroll Emporium.
  3483 | D:4      | 3483 ||| BUYING scroll of brand weapon (95 gold).
  3483 | D:4      | Bought a scroll of brand weapon for 95 gold pieces
  3483 | D:4      | 3483 ||| SHOPLISTING scroll of brand weapon (95 gold, have
                  | 73).
  3483 | D:4      | 3483 ||| BUYING scroll of identify (20 gold).
  3483 | D:4      | Bought a scroll of identify for 20 gold pieces
  3483 | D:4      | 3483 ||| BUYING scroll of identify (20 gold).
  3483 | D:4      | Bought a scroll of identify for 20 gold pieces
  3483 | D:4      | 3483 ||| BUYING scroll of identify (20 gold).
  3483 | D:4      | Bought a scroll of identify for 20 gold pieces
  3483 | D:4      | 3483 ||| SHOPLISTING scroll of identify (20 gold, have 13).
  3483 | D:4      | 3483 ||| READING scroll of brand weapon.
  3483 | D:4      | 3483 ||| BRANDING +0 war axe.
  3484 | D:4      | 3484 ||| Stepping ~*~*~tactically~*~*~ (stealth).
  3638 | D:4      | 3638 ||| INVOKING Berserk.
  3641 | D:4      | Reached skill level 3 in Armour
  3647 | D:4      | 3647 ||| DRINKING potion of curing.
  3647 | D:4      | 3647 ||| (to cure confusion)
  3945 | D:4      | 3945 ||| UPGRADING to +0 buckler.
  3950 | D:4      | 3950 ||| READING 5 scrolls of identify.
  3950 | D:4      | 3950 ||| IDENTIFYING viscous orange potion
  3951 | D:4      | 3951 ||| READING 4 scrolls of identify.
  3951 | D:4      | 3951 ||| IDENTIFYING smoky cyan potion
  3952 | D:4      | 3952 ||| READING 3 scrolls of identify.
  3952 | D:4      | 3952 ||| IDENTIFYING white potion
  3953 | D:4      | 3953 ||| DROPPING potion of brilliance.
  3954 | D:4      | 3954 ||| DROPPING potion of flight.
  3955 | D:4      | 3955 ||| DROPPING potion of attraction.
  4002 | D:5      | Entered Level 5 of the Dungeon
  4106 | D:5      | 4106 ||| INVOKING Berserk.
  4326 | D:5      | Reached skill level 3 in Shields
  4390 | D:5      | Noticed Eustachio
  4395 | D:5      | 4395 ||| INVOKING Berserk.
  4401 | D:5      | Killed Eustachio
  4402 | D:5      | Reached XP level 8. HP: 68/68 MP: 7/7
  4779 | D:5      | 4779 ||| READING 3 scrolls labelled BOGOQU TEESTIX.
  4780 | D:5      | 4780 ||| READING 2 scrolls of identify.
  4780 | D:5      | 4780 ||| IDENTIFYING glowing black potion
  4781 | D:5      | 4781 ||| DROPPING 2 scrolls of noise.
  4873 | D:6      | Reached skill level 6 in Fighting
  4878 | D:6      | 4878 ||| Stepping ~*~*~tactically~*~*~ (stealth).
  4879 | D:6      | 4879 ||| Stepping ~*~*~tactically~*~*~ (stealth).
  4881 | D:6      | 4881 ||| Stepping ~*~*~tactically~*~*~ (hiding).
  4888 | D:6      | 4888 ||| INVOKING Berserk.
  4960 | D:6      | Found a sparkling altar of Nemelex Xobeh.
  4960 | D:6      | Found a faded altar of an unknown god.
  4996 | D:6      | Found a stormy altar of Qazlal.
  4998 | D:6      | Found a white marble altar of Elyvilon.
  5000 | D:6      | Found a faded altar of an unknown god.
  5030 | D:6      | Noticed a cyan ugly thing
  5052 | D:6      | Found a transporter.
  5052 | D:6      | Noticed an ancient zyme
  5066 | D:6      | Found a transporter.
  5075 | D:6      | Found a one-way gate to the infinite horrors of the Abyss.
  5075 | D:6      | Noticed qw's ghost (novice DsCA)
  5079 | D:6      | Noticed Blork the orc
  5082 | D:6      | 5082 ||| INVOKING Berserk.
  5083 | D:6      | Killed Blork the orc
  5339 | D:6      | 5339 ||| Stepping ~*~*~tactically~*~*~ (stealth).
  5830 | D:6      | 5830 ||| INVOKING Berserk.
  6083 | D:6      | 6083 ||| DROPPING ring of flight.
  6084 | D:6      | 6084 ||| READING scroll labelled RIN SANGANN.
  6085 | D:6      | 6085 ||| READING 3 scrolls labelled EMOM ZANEYSTUA.
  6086 | D:6      | 6086 ||| DROPPING 2 scrolls of immolation.
  6184 | D:7      | Found an iron altar of Okawaru.
  6185 | D:7      | Found a bloodstained altar of Trog.
  6187 | D:7      | 6187 ||| INVOKING Berserk.
  6375 | D:7      | Found a staircase to the Ecumenical Temple.
  6387 | D:7      | 6387 ||| Stepping ~*~*~tactically~*~*~ (hiding).
  6399 | D:7      | 6399 ||| INVOKING Berserk.
  6432 | D:7      | 6432 ||| FLEEEEING.
  6433 | D:7      | 6433 ||| FLEEEEING.
  6434 | D:7      | 6434 ||| FLEEEEING.
  6435 | D:7      | 6435 ||| FLEEEEING.
  6438 | D:7      | 6438 ||| FLEEEEING.
  6439 | D:7      | 6439 ||| FLEEEEING.
  6441 | D:7      | 6441 ||| FLEEEEING.
  6527 | D:7      | Found Tidaox's Magic Scroll Boutique.
  6535 | D:7      | 6535 ||| BUYING scroll of identify (30 gold).
  6535 | D:7      | Bought a scroll of identify for 30 gold pieces
  6535 | D:7      | 6535 ||| BUYING scroll of teleportation (45 gold).
  6535 | D:7      | Bought a scroll of teleportation for 45 gold pieces
  6770 | D:7      | Reached skill level 12 in Axes
  6770 | D:7      | Reached XP level 9. HP: 54/75 MP: 8/8
  6772 | D:7      | Reached **** piety under Trog
  6773 | D:7      | 6773 ||| INVOKING Berserk.
  6971 | D:7      | 6971 ||| Stepping ~*~*~tactically~*~*~ (hiding).
  6977 | D:7      | 6977 ||| FLEEEEING.
  7215 | D:7      | 7215 ||| UPGRADING to +0 plate armour.
  7225 | D:7      | 7225 ||| DROPPING +0 chain mail.
  7226 | D:7      | 7226 ||| UPGRADING to +0 kite shield.
  7236 | D:7      | 7236 ||| DROPPING +0 buckler.
  7237 | D:7      | 7237 ||| READING 2 scrolls of identify.
  7237 | D:7      | 7237 ||| IDENTIFYING metallic clear potion
  7458 | D:8      | 7458 ||| Stepping ~*~*~tactically~*~*~ (stealth).
  7478 | D:8      | Reached skill level 6 in Shields
  7480 | D:8      | 7480 ||| Stepping ~*~*~tactically~*~*~ (stealth).
  7483 | D:8      | 7483 ||| Stepping ~*~*~tactically~*~*~ (stealth).
  7520 | D:8      | 7520 ||| Stepping ~*~*~tactically~*~*~ (hiding).
  7523 | D:8      | 7523 ||| INVOKING Berserk.
  7639 | D:8      | 7639 ||| Stepping ~*~*~tactically~*~*~ (stealth).
  7855 | D:8      | Noticed a troll
  7860 | D:8      | 7860 ||| INVOKING Berserk.
  7862 | D:8      | Killed a troll
  8019 | D:8      | 8019 ||| Stepping ~*~*~tactically~*~*~ (stealth).
  8034 | D:8      | Reached skill level 9 in Shields
  8089 | D:8      | 8089 ||| Stepping ~*~*~tactically~*~*~ (hiding).
  8413 | D:8      | Reached XP level 10. HP: 85/86 MP: 9/9
  8472 | D:8      | 8472 ||| Stepping ~*~*~tactically~*~*~ (stealth).
  8476 | D:8      | Reached skill level 6 in Armour
  8538 | D:8      | Found a radiant altar of Vehumet.
  8544 | D:8      | 8544 ||| INVOKING Berserk.
  8552 | D:8      | 8552 ||| DRINKING 3 potions of curing.
  8552 | D:8      | 8552 ||| (to cure confusion)
  8560 | D:8      | HP: 20/86 [gnoll/+0 halberd[an orc wizard] (8)]
  8561 | D:8      | 8561 ||| READING 5 scrolls of teleportation.
  8562 | D:8      | 8562 ||| DRINKING 2 potions of heal wounds.
  8664 | D:8      | 8664 ||| Invisible monster not found???
  8802 | D:8      | 8802 ||| Stepping ~*~*~tactically~*~*~ (hiding).
  8804 | D:8      | 8804 ||| Stepping ~*~*~tactically~*~*~ (hiding).
  8808 | D:8      | 8808 ||| DRINKING 2 potions of curing.
  8808 | D:8      | 8808 ||| (to cure confusion)
  9037 | D:8      | 9037 ||| READING scroll labelled FASOSH SURCHE.
  9097 | D:9      | 9097 ||| INVOKING Berserk.
  9212 | D:9      | 9212 ||| Stepping ~*~*~tactically~*~*~ (stealth).
  9213 | D:9      | 9213 ||| Stepping ~*~*~tactically~*~*~ (stealth).
  9214 | D:9      | 9214 ||| Stepping ~*~*~tactically~*~*~ (stealth).
  9218 | D:9      | 9218 ||| INVOKING Berserk.
  9576 | D:9      | 9576 ||| Stepping ~*~*~tactically~*~*~ (hiding).
  9585 | D:9      | 9585 ||| INVOKING Berserk.
  9592 | D:9      | 9592 ||| Stepping ~*~*~tactically~*~*~ (stealth).
  9593 | D:9      | 9593 ||| Stepping ~*~*~tactically~*~*~ (hiding).
  9603 | D:9      | 9603 ||| DRINKING 3 potions of curing.
  9603 | D:9      | 9603 ||| (to cure confusion)
  9607 | D:9      | 9607 ||| DRINKING 2 potions of curing.
  9607 | D:9      | 9607 ||| (to cure confusion)
  9613 | D:9      | Reached ***** piety under Trog
  9778 | D:9      | 9778 ||| Stepping ~*~*~tactically~*~*~ (stealth).
  9780 | D:9      | 9780 ||| Stepping ~*~*~tactically~*~*~ (hiding).
  9904 | D:9      | Found a staircase to the Orcish Mines.
  9992 | D:9      | 9992 ||| Stepping ~*~*~tactically~*~*~ (stealth).
  9994 | D:9      | 9994 ||| Stepping ~*~*~tactically~*~*~ (stealth).
 10431 | D:9      | 10431 ||| READING 9 scrolls of identify.
 10431 | D:9      | 10431 ||| IDENTIFYING ruby potion
 10432 | D:9      | 10432 ||| READING 8 scrolls of identify.
 10432 | D:9      | 10432 ||| IDENTIFYING red potion
 10433 | D:9      | 10433 ||| DROPPING potion of ambrosia.
 10449 | D:10     | Entered Level 10 of the Dungeon
 10449 | D:10     | Found a staircase to the Lair.
 10452 | D:10     | 10452 ||| STAIRDANCE
 10492 | D:10     | 10492 ||| STAIRDANCE
 10654 | D:10     | 10654 ||| STAIRDANCE
 10656 | D:9      | 10656 ||| INVOKING Berserk.
 10783 | D:10     | 10783 ||| STAIRDANCE
 10908 | D:10     | Noticed a gargoyle
 10909 | D:10     | 10909 ||| Stepping ~*~*~tactically~*~*~ (stealth).
 10913 | D:10     | 10913 ||| FLEEEEING.
 10914 | D:10     | 10914 ||| FLEEEEING.
 10915 | D:10     | 10915 ||| FLEEEEING.
 10916 | D:10     | 10916 ||| FLEEEEING.
 10917 | D:10     | 10917 ||| FLEEEEING.
 10918 | D:10     | 10918 ||| FLEEEEING.
 10919 | D:10     | 10919 ||| FLEEEEING.
 10920 | D:10     | 10920 ||| FLEEEEING.
 10921 | D:10     | 10921 ||| STAIRDANCE
 11041 | D:10     | Killed a gargoyle
 11042 | D:10     | Reached XP level 11. HP: 54/94 MP: 10/10
 11042 | D:10     | 11042 ||| STAIRDANCE
 11202 | D:10     | Noticed Lodul
 11203 | D:10     | 11203 ||| INVOKING Brothers in Arms.
 11209 | D:10     | 11209 ||| INVOKING Berserk.
 11211 | D:10     | Killed Lodul
 11212 | D:10     | Reached skill level 15 in Axes
 11381 | D:10     | 11381 ||| FLEEEEING.
 11382 | D:10     | 11382 ||| FLEEEEING.
 11383 | D:10     | 11383 ||| FLEEEEING.
 11384 | D:10     | 11384 ||| FLEEEEING.
 11385 | D:10     | 11385 ||| FLEEEEING.
 11386 | D:10     | 11386 ||| FLEEEEING.
 11387 | D:10     | 11387 ||| FLEEEEING.
 11388 | D:10     | 11388 ||| FLEEEEING.
 11389 | D:10     | 11389 ||| STAIRDANCE
 11453 | D:10     | 11453 ||| Stepping ~*~*~tactically~*~*~ (hiding).
 11455 | D:10     | 11455 ||| Stepping ~*~*~tactically~*~*~ (hiding).
 11456 | D:10     | 11456 ||| Stepping ~*~*~tactically~*~*~ (hiding).
 11463 | D:10     | 11463 ||| INVOKING Berserk.
 11468 | D:10     | Reached skill level 9 in Fighting
 11468 | D:10     | 11468 ||| STAIRDANCE
 11533 | D:10     | Reached skill level 3 in Dodging
 11608 | D:10     | Found a glowing golden altar of the Shining One.
 11670 | D:10     | 11670 ||| Stepping ~*~*~tactically~*~*~ (hiding).
 11701 | D:10     | 11701 ||| INVOKING Berserk.
 12068 | D:10     | Noticed Erica
 12069 | D:10     | 12069 ||| INVOKING Brothers in Arms.
 12070 | D:10     | 12070 ||| INVOKING Berserk.
 12071 | D:10     | Killed Erica
 12360 | D:10     | 12360 ||| PLANNING LAIR
 12360 | D:10     | 12360 ||| UPGRADING to amulet of reflection.
 12365 | D:10     | 12365 ||| READING scroll labelled RUQOMU OZUUJ.
 12484 | Lair:1   | Entered Level 1 of the Lair of Beasts
 12582 | Lair:1   | 12582 ||| Stepping ~*~*~tactically~*~*~ (stealth).
 12587 | Lair:1   | 12587 ||| Stepping ~*~*~tactically~*~*~ (stealth).
 12601 | Lair:1   | 12601 ||| Stepping ~*~*~tactically~*~*~ (stealth).
 12755 | Lair:1   | Identified the +7 quarterstaff of the Dead {vorpal, *Noise
                  | rF+++ rN+ Dex-4}
 12775 | Lair:1   | 12775 ||| INVOKING Berserk.
 13027 | Lair:1   | 13027 ||| INVOKING Berserk.
 13325 | Lair:1   | 13325 ||| Stepping ~*~*~tactically~*~*~ (hiding).
 13329 | Lair:1   | 13329 ||| INVOKING Berserk.
 13693 | Lair:1   | 13693 ||| DROPPING scarf of shadows.
 13694 | Lair:1   | 13694 ||| READING 7 scrolls of identify.
 13694 | Lair:1   | 13694 ||| IDENTIFYING murky pink potion
 13695 | Lair:1   | 13695 ||| READING 6 scrolls of identify.
 13695 | Lair:1   | 13695 ||| IDENTIFYING smoky red potion
 13696 | Lair:1   | 13696 ||| DROPPING potion of magic.
 13713 | Lair:2   | 13713 ||| STAIRDANCE
 13739 | Lair:2   | 13739 ||| STAIRDANCE
 13772 | Lair:2   | 13772 ||| STAIRDANCE
 13777 | Lair:1   | Reached XP level 12. HP: 85/106 MP: 11/11
 13901 | Lair:2   | 13901 ||| STAIRDANCE
 13903 | Lair:1   | 13903 ||| INVOKING Berserk.
 13911 | Lair:1   | Reached skill level 9 in Armour
 14035 | Lair:2   | 14035 ||| STAIRDANCE
 14102 | Lair:2   | 14102 ||| STAIRDANCE
 14104 | Lair:1   | 14104 ||| INVOKING Berserk.
 14217 | Lair:2   | 14217 ||| STAIRDANCE
 14302 | Lair:2   | 14302 ||| STAIRDANCE
 14580 | Lair:2   | 14580 ||| Stepping ~*~*~tactically~*~*~ (hiding).
 14730 | Lair:2   | Reached skill level 12 in Shields
 14737 | Lair:2   | 14737 ||| INVOKING Berserk.
 14936 | Lair:2   | Found a staircase to the Swamp.
 14940 | Lair:2   | 14940 ||| INVOKING Berserk.
 15217 | Lair:2   | 15217 ||| Stepping ~*~*~tactically~*~*~ (stealth).
 15280 | Lair:2   | 15280 ||| Stepping ~*~*~tactically~*~*~ (stealth).
 15281 | Lair:2   | 15281 ||| Stepping ~*~*~tactically~*~*~ (stealth).
 15328 | Lair:2   | Found a hole to the Spider Nest.
 15329 | Lair:2   | 15329 ||| INVOKING Berserk.
 15462 | Lair:2   | 15462 ||| SWAPPING to +2 antimagic war axe.
 15463 | Lair:2   | 15463 ||| DROPPING +0 war axe of draining.
 15495 | Lair:2   | Reached skill level 12 in Fighting
 15714 | Lair:2   | Noticed Amaemon
 15715 | Lair:2   | 15715 ||| Stepping ~*~*~tactically~*~*~ (hiding).
 15717 | Lair:2   | 15717 ||| Stepping ~*~*~tactically~*~*~ (hiding).
 15720 | Lair:2   | 15720 ||| INVOKING Berserk.
 15725 | Lair:2   | Killed Amaemon
 15835 | Lair:2   | 15835 ||| DROPPING +0 morningstar.
 15924 | Lair:2   | 15924 ||| DRINKING 2 amethyst potions.
 15925 | Lair:2   | 15925 ||| DROPPING potion of invisibility.
 16115 | Lair:3   | 16115 ||| Stepping ~*~*~tactically~*~*~ (water).
 16116 | Lair:3   | 16116 ||| INVOKING Berserk.
 16255 | Lair:3   | 16255 ||| Stepping ~*~*~tactically~*~*~ (stealth).
 16258 | Lair:3   | 16258 ||| Stepping ~*~*~tactically~*~*~ (stealth).
 16277 | Lair:3   | 16277 ||| Stepping ~*~*~tactically~*~*~ (stealth).
 16302 | Lair:3   | Reached XP level 13. HP: 83/122 MP: 4/12
 16478 | Lair:3   | 16478 ||| READING scroll of enchant weapon.
 16478 | Lair:3   | 16478 ||| ENCHANTING +2 antimagic war axe.
 16542 | Lair:3   | 16542 ||| Stepping ~*~*~tactically~*~*~ (stealth).
 16550 | Lair:3   | 16550 ||| INVOKING Berserk.
 16600 | Lair:3   | 16600 ||| INVOKING Berserk.
 16996 | Lair:3   | 16996 ||| INVOKING Berserk.
 17120 | Lair:3   | Identified the +8 quarterstaff "Woukkape" {venom, rPois rF+
                  | Str+3 Int-4}
 17566 | Lair:4   | 17566 ||| Stepping ~*~*~tactically~*~*~ (hiding).
 17599 | Lair:4   | 17599 ||| INVOKING Brothers in Arms.
 17600 | Lair:4   | 17600 ||| INVOKING Brothers in Arms.
 17602 | Lair:4   | 17602 ||| SWAPPING to -1 demon whip of venom.
 17603 | Lair:4   | 17603 ||| INVOKING Berserk.
 17616 | Lair:4   | 17616 ||| SWAPPING to +3 antimagic war axe.
 17754 | Lair:4   | 17754 ||| INVOKING Brothers in Arms.
 17755 | Lair:4   | 17755 ||| INVOKING Berserk.
 18074 | Lair:4   | 18074 ||| INVOKING Brothers in Arms.
 18075 | Lair:4   | 18075 ||| INVOKING Brothers in Arms.
 18077 | Lair:4   | 18077 ||| SWAPPING to -1 demon whip of venom.
 18078 | Lair:4   | 18078 ||| INVOKING Berserk.
 18086 | Lair:4   | 18086 ||| SWAPPING to +3 antimagic war axe.
 18087 | Lair:4   | 18087 ||| Stepping ~*~*~tactically~*~*~ (cloud).
 18091 | Lair:4   | 18091 ||| Stepping ~*~*~tactically~*~*~ (cloud).
 18094 | Lair:4   | 18094 ||| Stepping ~*~*~tactically~*~*~ (cloud).
 18095 | Lair:4   | 18095 ||| Stepping ~*~*~tactically~*~*~ (cloud).
 18096 | Lair:4   | 18096 ||| Stepping ~*~*~tactically~*~*~ (cloud).
 18097 | Lair:4   | 18097 ||| Stepping ~*~*~tactically~*~*~ (cloud).
 18100 | Lair:4   | 18100 ||| Stepping ~*~*~tactically~*~*~ (cloud).
 18251 | Lair:4   | 18251 ||| Stepping ~*~*~tactically~*~*~ (stealth).
 18254 | Lair:4   | 18254 ||| Stepping ~*~*~tactically~*~*~ (stealth).
 18259 | Lair:4   | 18259 ||| Stepping randomly (cloudy).
 18260 | Lair:4   | 18260 ||| Stepping randomly (cloudy).
 18261 | Lair:4   | 18261 ||| Stepping ~*~*~tactically~*~*~ (cloud).
 18262 | Lair:4   | 18262 ||| Stepping ~*~*~tactically~*~*~ (cloud).
 18263 | Lair:4   | 18263 ||| Stepping ~*~*~tactically~*~*~ (cloud).
 18264 | Lair:4   | 18264 ||| INVOKING Berserk.
 18269 | Lair:4   | HP: 40/186 [something (8)]
 18271 | Lair:4   | HP: 12/186 [something (14)]
 18671 | Lair:4   | 18671 ||| INVOKING Berserk.
 18906 | Lair:4   | 18906 ||| INVOKING Brothers in Arms.
 18909 | Lair:4   | 18909 ||| SWAPPING to -1 demon whip of venom.
 18910 | Lair:4   | 18910 ||| INVOKING Berserk.
 18917 | Lair:4   | 18917 ||| SWAPPING to +3 antimagic war axe.
 19026 | Lair:4   | Found a viscous altar of Jiyva.
 19027 | Lair:4   | Found a staircase to the Slime Pits.
 19540 | Lair:5   | Entered Level 5 of the Lair of Beasts
 19546 | Lair:5   | Reached skill level 12 in Armour
 19628 | Lair:5   | 19628 ||| INVOKING Berserk.
 19803 | Lair:5   | 19803 ||| FLEEEEING.
 19804 | Lair:5   | 19804 ||| FLEEEEING.
 19805 | Lair:5   | 19805 ||| FLEEEEING.
 19806 | Lair:5   | 19806 ||| FLEEEEING.
 19807 | Lair:5   | 19807 ||| FLEEEEING.
 19808 | Lair:5   | 19808 ||| FLEEEEING.
 19809 | Lair:5   | 19809 ||| FLEEEEING.
 19810 | Lair:5   | 19810 ||| FLEEEEING.
 19811 | Lair:5   | 19811 ||| FLEEEEING.
 19815 | Lair:5   | 19815 ||| FLEEEEING.
 19816 | Lair:5   | 19816 ||| FLEEEEING.
 19817 | Lair:5   | 19817 ||| FLEEEEING.
 19818 | Lair:5   | 19818 ||| FLEEEEING.
 19819 | Lair:5   | 19819 ||| FLEEEEING.
 19820 | Lair:5   | 19820 ||| FLEEEEING.
 19821 | Lair:5   | 19821 ||| FLEEEEING.
 19822 | Lair:5   | 19822 ||| FLEEEEING.
 19823 | Lair:5   | 19823 ||| FLEEEEING.
 19824 | Lair:5   | 19824 ||| FLEEEEING.
 19825 | Lair:5   | 19825 ||| FLEEEEING.
 19826 | Lair:5   | 19826 ||| FLEEEEING.
 19827 | Lair:5   | 19827 ||| FLEEEEING.
 19828 | Lair:5   | 19828 ||| FLEEEEING.
 19829 | Lair:5   | 19829 ||| FLEEEEING.
 19831 | Lair:5   | 19831 ||| FLEEEEING.
 19832 | Lair:5   | 19832 ||| FLEEEEING.
 19833 | Lair:5   | 19833 ||| FLEEEEING.
 19834 | Lair:5   | 19834 ||| FLEEEEING.
 19835 | Lair:5   | 19835 ||| FLEEEEING.
 19836 | Lair:5   | 19836 ||| FLEEEEING.
 19837 | Lair:5   | 19837 ||| FLEEEEING.
 19838 | Lair:5   | 19838 ||| FLEEEEING.
 19839 | Lair:5   | 19839 ||| FLEEEEING.
 19840 | Lair:5   | 19840 ||| FLEEEEING.
 19841 | Lair:5   | 19841 ||| FLEEEEING.
 19842 | Lair:5   | 19842 ||| FLEEEEING.
 19845 | Lair:5   | 19845 ||| FLEEEEING.
 19846 | Lair:5   | 19846 ||| FLEEEEING.
 19851 | Lair:5   | 19851 ||| FLEEEEING.
 19852 | Lair:5   | 19852 ||| STAIRDANCE
 19913 | Lair:4   | 19913 ||| DROPPING amulet of the acrobat.
 19914 | Lair:4   | 19914 ||| DROPPING amulet of guardian spirit.
 19922 | Lair:5   | 19922 ||| INVOKING Brothers in Arms.
 19923 | Lair:5   | 19923 ||| INVOKING Brothers in Arms.
 19924 | Lair:5   | 19924 ||| INVOKING Brothers in Arms.
 19925 | Lair:5   | 19925 ||| INVOKING Brothers in Arms.
 19926 | Lair:5   | 19926 ||| INVOKING Brothers in Arms.
 19927 | Lair:5   | 19927 ||| INVOKING Brothers in Arms.
 19928 | Lair:5   | 19928 ||| SWAPPING to -1 demon whip of venom.
 19929 | Lair:5   | 19929 ||| INVOKING Berserk.
 19932 | Lair:5   | Reached skill level 15 in Fighting
 19977 | Lair:5   | 19977 ||| STAIRDANCE
 19979 | Lair:4   | 19979 ||| SWAPPING to +3 antimagic war axe.
 20207 | Lair:5   | 20207 ||| INVOKING Berserk.
 20265 | Lair:5   | 20265 ||| INVOKING Berserk.
 20277 | Lair:5   | Reached skill level 6 in Dodging
 20280 | Lair:5   | 20280 ||| Stepping ~*~*~tactically~*~*~ (stealth).
 20281 | Lair:5   | 20281 ||| Stepping ~*~*~tactically~*~*~ (stealth).
 20282 | Lair:5   | 20282 ||| Stepping ~*~*~tactically~*~*~ (stealth).
 20308 | Lair:5   | 20308 ||| Stepping ~*~*~tactically~*~*~ (stealth).
 20349 | Lair:5   | 20349 ||| FLEEEEING.
 20354 | Lair:5   | 20354 ||| INVOKING Berserk.
 20356 | Lair:5   | Reached XP level 14. HP: 135/135 MP: 4/13
 20395 | Lair:5   | 20395 ||| FLEEEEING.
 20419 | Lair:5   | 20419 ||| FLEEEEING.
 20420 | Lair:5   | 20420 ||| FLEEEEING.
 20421 | Lair:5   | 20421 ||| FLEEEEING.
 20422 | Lair:5   | 20422 ||| FLEEEEING.
 20423 | Lair:5   | 20423 ||| FLEEEEING.
 20424 | Lair:5   | 20424 ||| FLEEEEING.
 20425 | Lair:5   | 20425 ||| FLEEEEING.
 20426 | Lair:5   | 20426 ||| FLEEEEING.
 20427 | Lair:5   | 20427 ||| FLEEEEING.
 20428 | Lair:5   | 20428 ||| FLEEEEING.
 20429 | Lair:5   | 20429 ||| FLEEEEING.
 20430 | Lair:5   | 20430 ||| FLEEEEING.
 20431 | Lair:5   | 20431 ||| FLEEEEING.
 20432 | Lair:5   | 20432 ||| FLEEEEING.
 20434 | Lair:5   | 20434 ||| FLEEEEING.
 20435 | Lair:5   | 20435 ||| FLEEEEING.
 20437 | Lair:5   | 20437 ||| INVOKING Brothers in Arms.
 20438 | Lair:5   | 20438 ||| SWAPPING to -1 demon whip of venom.
 20439 | Lair:5   | 20439 ||| INVOKING Berserk.
 20485 | Lair:5   | 20485 ||| SWAPPING to +3 antimagic war axe.
 20557 | Lair:5   | 20557 ||| Stepping ~*~*~tactically~*~*~ (stealth).
 20558 | Lair:5   | 20558 ||| INVOKING Brothers in Arms.
 20560 | Lair:5   | 20560 ||| SWAPPING to -1 demon whip of venom.
 20562 | Lair:5   | 20562 ||| INVOKING Berserk.
 20573 | Lair:5   | 20573 ||| SWAPPING to +3 antimagic war axe.
 21149 | Lair:5   | 21149 ||| DRINKING potion of cancellation.
 21160 | Lair:5   | Reached skill level 15 in Shields
 21477 | Lair:5   | 21477 ||| Stepping ~*~*~tactically~*~*~ (hiding).
 21508 | Lair:5   | 21508 ||| Stepping ~*~*~tactically~*~*~ (stealth).
 21628 | Lair:5   | 21628 ||| Stepping ~*~*~tactically~*~*~ (stealth).
 21630 | Lair:5   | 21630 ||| INVOKING Brothers in Arms.
 21631 | Lair:5   | 21631 ||| INVOKING Brothers in Arms.
 21632 | Lair:5   | 21632 ||| INVOKING Brothers in Arms.
 21633 | Lair:5   | 21633 ||| SWAPPING to -1 demon whip of venom.
 21634 | Lair:5   | 21634 ||| INVOKING Berserk.
 21682 | Lair:5   | 21682 ||| SWAPPING to +3 antimagic war axe.
 21693 | Lair:5   | Found a corrupted altar of Lugonu.
 21910 | Lair:5   | 21910 ||| FLEEEEING.
 21911 | Lair:5   | 21911 ||| FLEEEEING.
 21912 | Lair:5   | 21912 ||| FLEEEEING.
 21915 | Lair:5   | 21915 ||| FLEEEEING.
 21916 | Lair:5   | 21916 ||| FLEEEEING.
 21919 | Lair:5   | 21919 ||| FLEEEEING.
 21920 | Lair:5   | 21920 ||| FLEEEEING.
 21921 | Lair:5   | 21921 ||| FLEEEEING.
 21923 | Lair:5   | 21923 ||| INVOKING Berserk.
 22259 | Lair:5   | 22259 ||| PLANNING D:1-11
 22404 | D:11     | 22404 ||| SWAPPING to +0 broad axe.
 22405 | D:11     | 22405 ||| DROPPING +3 antimagic war axe.
 22510 | D:11     | Found Haiz Gig's Magic Scroll Emporium.
 22542 | D:11     | 22542 ||| FLEEEEING.
 22543 | D:11     | 22543 ||| FLEEEEING.
 22544 | D:11     | 22544 ||| FLEEEEING.
 22545 | D:11     | 22545 ||| FLEEEEING.
 22546 | D:11     | 22546 ||| FLEEEEING.
 22547 | D:11     | 22547 ||| FLEEEEING.
 22548 | D:11     | 22548 ||| FLEEEEING.
 22549 | D:11     | 22549 ||| FLEEEEING.
 22550 | D:11     | 22550 ||| FLEEEEING.
 22551 | D:11     | 22551 ||| FLEEEEING.
 22552 | D:11     | 22552 ||| FLEEEEING.
 22553 | D:11     | 22553 ||| FLEEEEING.
 22557 | D:11     | 22557 ||| FLEEEEING.
 22558 | D:11     | 22558 ||| FLEEEEING.
 22559 | D:11     | 22559 ||| FLEEEEING.
 22560 | D:11     | 22560 ||| FLEEEEING.
 22561 | D:11     | 22561 ||| FLEEEEING.
 22562 | D:11     | 22562 ||| FLEEEEING.
 22563 | D:11     | 22563 ||| FLEEEEING.
 22564 | D:11     | 22564 ||| FLEEEEING.
 22565 | D:11     | 22565 ||| FLEEEEING.
 22580 | D:11     | 22580 ||| FLEEEEING.
 22581 | D:11     | 22581 ||| FLEEEEING.
 22582 | D:11     | 22582 ||| FLEEEEING.
 22584 | D:11     | 22584 ||| STAIRDANCE
 22675 | D:11     | 22675 ||| INVOKING Berserk.
 23214 | D:11     | 23214 ||| INVOKING Berserk.
 23238 | D:11     | 23238 ||| Stepping ~*~*~tactically~*~*~ (stealth).
 23254 | D:11     | 23254 ||| FLEEEEING.
 23329 | D:11     | Found Saidiogi's General Store.
 23337 | D:11     | 23337 ||| BUYING 2 potions of haste (280 gold).
 23337 | D:11     | Bought 2 potions of haste for 280 gold pieces
 23337 | D:11     | 23337 ||| BUYING potion of heal wounds (70 gold).
 23337 | D:11     | Bought a potion of heal wounds for 70 gold pieces
 23337 | D:11     | 23337 ||| BUYING scroll of teleportation (42 gold).
 23337 | D:11     | Bought a scroll of teleportation for 42 gold pieces
 23399 | D:11     | 23399 ||| FLEEEEING.
 23400 | D:11     | 23400 ||| FLEEEEING.
 23406 | D:11     | 23406 ||| FLEEEEING.
 23407 | D:11     | 23407 ||| FLEEEEING.
 23408 | D:11     | 23408 ||| FLEEEEING.
 23409 | D:11     | 23409 ||| FLEEEEING.
 23410 | D:11     | 23410 ||| FLEEEEING.
 23411 | D:11     | 23411 ||| FLEEEEING.
 23412 | D:11     | 23412 ||| FLEEEEING.
 23413 | D:11     | 23413 ||| FLEEEEING.
 23414 | D:11     | 23414 ||| FLEEEEING.
 23415 | D:11     | 23415 ||| FLEEEEING.
 23416 | D:11     | 23416 ||| FLEEEEING.
 23417 | D:11     | 23417 ||| STAIRDANCE
 23521 | D:11     | 23521 ||| STAIRDANCE
 23612 | D:11     | Found Baotz's Weapon Shop.
 23773 | D:11     | 23773 ||| READING scroll of brand weapon.
 23773 | D:11     | 23773 ||| BRANDING +0 broad axe.
 23779 | D:11     | 23779 ||| PLANNING D
 23892 | D:12     | 23892 ||| Stepping ~*~*~tactically~*~*~ (stealth).
 24010 | D:12     | 24010 ||| FLEEEEING.
 24011 | D:12     | 24011 ||| FLEEEEING.
 24012 | D:12     | 24012 ||| FLEEEEING.
 24013 | D:12     | 24013 ||| FLEEEEING.
 24014 | D:12     | 24014 ||| FLEEEEING.
 24015 | D:12     | 24015 ||| FLEEEEING.
 24018 | D:12     | 24018 ||| FLEEEEING.
 24019 | D:12     | 24019 ||| FLEEEEING.
 24030 | D:12     | 24030 ||| FLEEEEING.
 24031 | D:12     | 24031 ||| FLEEEEING.
 24032 | D:12     | 24032 ||| FLEEEEING.
 24033 | D:12     | 24033 ||| FLEEEEING.
 24034 | D:12     | 24034 ||| FLEEEEING.
 24049 | D:12     | 24049 ||| FLEEEEING.
 24050 | D:12     | 24050 ||| FLEEEEING.
 24051 | D:12     | 24051 ||| FLEEEEING.
 24066 | D:12     | 24066 ||| FLEEEEING.
 24077 | D:12     | 24077 ||| Stepping ~*~*~tactically~*~*~ (stealth).
 24078 | D:12     | 24078 ||| Stepping ~*~*~tactically~*~*~ (stealth).
 24083 | D:12     | 24083 ||| FLEEEEING.
 24084 | D:12     | 24084 ||| FLEEEEING.
 24085 | D:12     | 24085 ||| FLEEEEING.
 24086 | D:12     | 24086 ||| FLEEEEING.
 24087 | D:12     | 24087 ||| FLEEEEING.
 24088 | D:12     | 24088 ||| FLEEEEING.
 24089 | D:12     | 24089 ||| FLEEEEING.
 24090 | D:12     | 24090 ||| FLEEEEING.
 24100 | D:12     | 24100 ||| FLEEEEING.
 24101 | D:12     | 24101 ||| FLEEEEING.
 24102 | D:12     | 24102 ||| FLEEEEING.
 24117 | D:12     | 24117 ||| FLEEEEING.
 24118 | D:12     | 24118 ||| FLEEEEING.
 24330 | D:12     | 24330 ||| INVOKING Berserk.
 24642 | D:12     | Noticed Erolcha
 24643 | D:12     | 24643 ||| INVOKING Trog's Hand.
 24646 | D:12     | 24646 ||| INVOKING Berserk.
 24650 | D:12     | Killed Erolcha
 24908 | D:12     | 24908 ||| INVOKING Berserk.
 25068 | D:12     | 25068 ||| Stepping ~*~*~tactically~*~*~ (hiding).
 25070 | D:12     | 25070 ||| Stepping ~*~*~tactically~*~*~ (hiding).
 25076 | D:12     | 25076 ||| Stepping ~*~*~tactically~*~*~ (hiding).
 25077 | D:12     | Noticed Azrael
 25083 | D:12     | 25083 ||| INVOKING Berserk.
 25099 | D:12     | Killed Azrael
 25508 | D:12     | 25508 ||| Stepping ~*~*~tactically~*~*~ (hiding).
 25720 | D:12     | 25720 ||| READING scroll labelled UDIT IFIARPHO.
 25807 | D:13     | Reached skill level 18 in Axes
 25883 | D:13     | Noticed Rupert
 25884 | D:13     | 25884 ||| INVOKING Trog's Hand.
 25885 | D:13     | 25885 ||| INVOKING Berserk.
 25896 | D:13     | Killed Rupert
 26026 | D:13     | 26026 ||| Stepping ~*~*~tactically~*~*~ (hiding).
 26027 | D:13     | 26027 ||| Stepping ~*~*~tactically~*~*~ (hiding).
 26028 | D:13     | 26028 ||| Stepping ~*~*~tactically~*~*~ (hiding).
 26030 | D:13     | 26030 ||| Stepping ~*~*~tactically~*~*~ (hiding).
 26175 | D:13     | 26175 ||| Stepping ~*~*~tactically~*~*~ (stealth).
 26269 | D:13     | Found a gate to the Vaults.
 26271 | D:13     | 26271 ||| Stepping ~*~*~tactically~*~*~ (hiding).
 26277 | D:13     | 26277 ||| INVOKING Berserk.
 26659 | D:13     | 26659 ||| INVOKING Berserk.
 26805 | D:13     | Identified the +3 flail of Nyuxer {speed, rCorr}
 26821 | D:13     | 26821 ||| INVOKING Trog's Hand.
 26822 | D:13     | 26822 ||| INVOKING Berserk.
 26933 | D:13     | 26933 ||| SWAPPING to -1 demon whip of venom.
 26934 | D:13     | 26934 ||| SWAPPING to +0 broad axe of protection.
 26936 | D:13     | 26936 ||| SWAPPING to -1 demon whip of venom.
 26937 | D:13     | 26937 ||| INVOKING Berserk.
 26985 | D:13     | 26985 ||| SWAPPING to +0 broad axe of protection.
 27073 | D:13     | Identified the +2 robe "Nofed" {rPois}
 27106 | D:13     | 27106 ||| INVOKING Berserk.
 27223 | D:13     | 27223 ||| Stepping ~*~*~tactically~*~*~ (hiding).
 27224 | D:13     | 27224 ||| Stepping ~*~*~tactically~*~*~ (hiding).
 27235 | D:13     | Reached XP level 15. HP: 145/145 MP: 14/14
 27281 | D:13     | 27281 ||| Stepping ~*~*~tactically~*~*~ (hiding).
 27283 | D:13     | 27283 ||| SWAPPING to -1 demon whip of venom.
 27284 | D:13     | 27284 ||| INVOKING Berserk.
 27319 | D:13     | 27319 ||| SWAPPING to +0 broad axe of protection.
 27448 | D:13     | Noticed a storm dragon
 27449 | D:13     | 27449 ||| DRINKING 2 potions of resistance.
 27451 | D:13     | 27451 ||| INVOKING Berserk.
 27462 | D:13     | Killed a storm dragon
 27614 | D:13     | 27614 ||| Stepping ~*~*~tactically~*~*~ (hiding).
 27617 | D:13     | 27617 ||| INVOKING Berserk.
 27768 | D:13     | Found the +5 robe of Night {Dark Will+ SInv}
 27809 | D:13     | 27809 ||| Stepping ~*~*~tactically~*~*~ (hiding).
 27811 | D:13     | 27811 ||| INVOKING Berserk.
 27875 | D:13     | Identified the ring "Iliduz" {Fly rElec MP+9 Int+8 Dex-5}
 27921 | D:13     | 27921 ||| INVOKING Berserk.
 28185 | D:13     | 28185 ||| DROPPING ring "Iliduz" {Fly rElec MP+9 Int+8
                  | Dex-5}.
 28210 | D:14     | 28210 ||| FLEEEEING.
 28211 | D:14     | 28211 ||| FLEEEEING.
 28212 | D:14     | 28212 ||| FLEEEEING.
 28213 | D:14     | 28213 ||| FLEEEEING.
 28214 | D:14     | 28214 ||| FLEEEEING.
 28215 | D:14     | 28215 ||| FLEEEEING.
 28216 | D:14     | 28216 ||| FLEEEEING.
 28353 | D:14     | 28353 ||| INVOKING Berserk.
 28635 | D:14     | 28635 ||| FLEEEEING.
 28636 | D:14     | 28636 ||| FLEEEEING.
 28713 | D:14     | Found a portal to a secret trove of treasure.
 28720 | D:14     | Found Pegulug's Magic Scroll Emporium.
 28721 | D:14     | 28721 ||| Stepping ~*~*~tactically~*~*~ (stealth).
 28723 | D:14     | 28723 ||| INVOKING Trog's Hand.
 28747 | D:14     | 28747 ||| BUYING scroll of enchant weapon (112 gold).
 28747 | D:14     | Bought a scroll of enchant weapon for 112 gold pieces
 28747 | D:14     | 28747 ||| READING scroll of enchant weapon.
 28747 | D:14     | 28747 ||| ENCHANTING +0 broad axe of protection.
 28770 | D:14     | 28770 ||| INVOKING Berserk.
 29093 | D:14     | Found Soxull's Neck Hole.
 29102 | D:14     | 29102 ||| BUYING +0 cloak (81 gold).
 29102 | D:14     | Bought a +0 cloak for 81 gold pieces
 29211 | D:14     | 29211 ||| UPGRADING to +3 plate armour.
 29221 | D:14     | 29221 ||| DROPPING +0 plate armour.
 29222 | D:14     | 29222 ||| UPGRADING to +0 cloak.
 29294 | D:14     | 29294 ||| Stepping ~*~*~tactically~*~*~ (hiding).
 29296 | D:14     | 29296 ||| INVOKING Berserk.
 29438 | D:14     | 29438 ||| Stepping ~*~*~tactically~*~*~ (stealth).
 29595 | D:14     | 29595 ||| FLEEEEING.
 29596 | D:14     | 29596 ||| FLEEEEING.
 29689 | D:14     | 29689 ||| READING scroll of enchant armour.
 29689 | D:14     | 29689 ||| ENCHANTING +0 pair of gloves.
 29741 | D:15     | Entered Level 15 of the Dungeon
 29741 | D:15     | Found a staircase to the Depths.
 29756 | D:15     | 29756 ||| INVOKING Berserk.
 29770 | D:15     | Reached skill level 15 in Armour
 30104 | D:15     | 30104 ||| Stepping ~*~*~tactically~*~*~ (hiding).
 30105 | D:15     | 30105 ||| Stepping ~*~*~tactically~*~*~ (hiding).
 30112 | D:15     | 30112 ||| Stepping ~*~*~tactically~*~*~ (hiding).
 30253 | D:15     | 30253 ||| Stepping randomly (disturbance).
 30254 | D:15     | 30254 ||| Stepping randomly (disturbance).
 30280 | D:15     | 30280 ||| Stepping ~*~*~tactically~*~*~ (hiding).
 30292 | D:15     | 30292 ||| INVOKING Berserk.
 30542 | D:15     | Noticed Qishud's ghost (adept GrEE)
 30545 | D:15     | Found a transporter.
 30550 | D:15     | Found a transporter.
 30551 | D:15     | Found a bloodstained altar of Trog.
 30553 | D:15     | 30553 ||| Stepping ~*~*~tactically~*~*~ (hiding).
 30592 | D:15     | Noticed a tengu reaver
 30592 | D:15     | Noticed a sphinx
 30593 | D:15     | 30593 ||| Stepping ~*~*~tactically~*~*~ (hiding).
 30594 | D:15     | 30594 ||| Stepping ~*~*~tactically~*~*~ (stealth).
 30596 | D:15     | 30596 ||| INVOKING Berserk.
 30604 | D:15     | Killed a tengu reaver
 30605 | D:15     | Reached skill level 18 in Fighting
 30613 | D:15     | Killed a sphinx
 30887 | D:15     | 30887 ||| INVOKING Brothers in Arms.
 30888 | D:15     | 30888 ||| INVOKING Brothers in Arms.
 30889 | D:15     | 30889 ||| SWAPPING to -1 demon whip of venom.
 30890 | D:15     | 30890 ||| INVOKING Berserk.
 30898 | D:15     | 30898 ||| SWAPPING to +1 broad axe of protection.
 31250 | D:15     | 31250 ||| PLANNING ORC
 31250 | D:15     | 31250 ||| READING scroll labelled VEPOWU VOETINT.
 31413 | Orc:1    | Entered Level 1 of the Orcish Mines
 31413 | Orc:1    | Found Ercharias's Assorted Antiques.
 31420 | Orc:1    | 31420 ||| BUYING scroll of enchant weapon (225 gold).
 31420 | Orc:1    | Bought a scroll of enchant weapon for 225 gold pieces
 31420 | Orc:1    | 31420 ||| BUYING scroll of teleportation (90 gold).
 31420 | Orc:1    | Bought a scroll of teleportation for 90 gold pieces
 31420 | Orc:1    | 31420 ||| READING scroll of enchant weapon.
 31420 | Orc:1    | 31420 ||| ENCHANTING +1 broad axe of protection.
 31445 | Orc:2    | Entered Level 2 of the Orcish Mines
 31445 | Orc:2    | Found Adouruda's Antique Armour Shop.
 31449 | Orc:2    | 31449 ||| INVOKING Berserk.
 31502 | Orc:2    | 31502 ||| BUYING glowing chain mail (270 gold).
 31502 | Orc:2    | Bought a glowing chain mail for 270 gold pieces
 31502 | Orc:2    | 31502 ||| SHOPLISTING runed plate armour (936 gold, have
                  | 542).
 31509 | Orc:2    | 31509 ||| FLEEEEING.
 31510 | Orc:2    | 31510 ||| FLEEEEING.
 31511 | Orc:2    | 31511 ||| FLEEEEING.
 31512 | Orc:2    | 31512 ||| FLEEEEING.
 31513 | Orc:2    | 31513 ||| FLEEEEING.
 31514 | Orc:2    | 31514 ||| FLEEEEING.
 31515 | Orc:2    | 31515 ||| FLEEEEING.
 31516 | Orc:2    | 31516 ||| FLEEEEING.
 31517 | Orc:2    | 31517 ||| FLEEEEING.
 31518 | Orc:2    | 31518 ||| STAIRDANCE
 31522 | Orc:1    | 31522 ||| Stepping ~*~*~tactically~*~*~ (stealth).
 31685 | Orc:1    | 31685 ||| DROPPING +0 chain mail of fire resistance.
 31770 | Orc:2    | 31770 ||| Stepping ~*~*~tactically~*~*~ (stealth).
 31771 | Orc:2    | 31771 ||| Stepping ~*~*~tactically~*~*~ (stealth).
 31776 | Orc:2    | 31776 ||| Stepping ~*~*~tactically~*~*~ (stealth).
 31783 | Orc:2    | 31783 ||| Stepping ~*~*~tactically~*~*~ (hiding).
 31785 | Orc:2    | 31785 ||| INVOKING Trog's Hand.
 31786 | Orc:2    | 31786 ||| INVOKING Berserk.
 31795 | Orc:2    | Reached skill level 3 in Throwing
 31795 | Orc:2    | Reached XP level 16. HP: 157/157 MP: 15/15
 31799 | Orc:2    | Found Nasonar's General Store.
 31913 | Orc:2    | 31913 ||| BUYING potion of mutation (112 gold).
 31913 | Orc:2    | Bought a potion of mutation for 112 gold pieces
 31930 | Orc:2    | Found Enliulis's Antique Weapon Shoppe.
 31945 | Orc:2    | 31945 ||| INVOKING Trog's Hand.
 31951 | Orc:2    | 31951 ||| INVOKING Berserk.
 31965 | Orc:2    | 31965 ||| INVOKING Brothers in Arms.
 31973 | Orc:2    | 31973 ||| INVOKING Brothers in Arms.
 31974 | Orc:2    | HP: 34/153 [sun demon[an orc high priest] (11)]
 31975 | Orc:2    | 31975 ||| READING 11 scrolls of teleportation.
 31975 | Orc:2    | HP: 16/154 [sixfirhy[an orc high priest] (7)]
 31975 | Orc:2    | HP: 4/154 [sixfirhy[an orc high priest] (12)]
 31975 | Orc:2    | Slain by a sun demon

Levels and vault maps discovered:
D:1:      dpeg_arrival_stone_temple_mockup, layout_basic
D:2:      minmay_inner_zag, layout_rooms
D:3:      layout_loops_corners, nicolae_overflow_crystal_walls, uniq_grinder,
          uniq_natasha
D:4:      layout_loops_ring, mainiacjoe_overflow_24_doors, serial_shops,
          nicolae_shop_trees, uniq_robin
D:5:      layout_basic, uniq_eustachio
D:6:      layout_basic, chequers_temple_overflow_minitemple,
          gammafunk_ghost_abyssal_escape, uniq_blork_the_orc
D:7:      layout_loops_cross, grunt_temple_overflow_bloody_war,
          minmay_temple_entry_statues_pillars, serial_shops, shop
D:8:      layout_loops_cross, vehumet_altar_wand_db, enter_bailey_1
D:9:      layout_basic, orc_0_dummy
D:10:     layout_cave_pools, old_standard_altar, minmay_lair_entry_grove,
          uniq_lodul, uniq_erica
D:11:     layout_cave_pods, serial_shops, shop, nicolae_shop_hallway_plus, shop,
          st_stairs_6
D:12:     layout_stronghold, kennysheep_generic_room_13, uniq_erolcha,
          uniq_azrael
D:13:     minmay_box_of_curves, layout_loops_ring, david_vaults_1, st_stairs_5,
          uniq_rupert
D:14:     layout_basic, chequers_jeans, serial_shops, shop_coins, enter_trove_1,
          nicolae_shop_sticking_my_neck_out
D:15:     gammafunk_depths_entry_grave, layout_cave_pods,
          gammafunk_ghost_wrathful_warriors, minmay_misc_feat_plants,
          st_stairs_12, minmay_radiant
Lair:1:   layout_loops_ring, chequers_serial_rivers_large_a,
          chequers_serial_rivers_marsh, columned_hall_lemuel,
          serial_bayou_crossing
Lair:2:   layout_roguey, nicolae_swamp_entry_splash_gauntlet,
          hellmonk_spider_entry_not_the_bees, special_room [special_room_bee],
          grunt_megastairs_2, uniq_amaemon
Lair:3:   layout_chaotic_city, chequers_serial_rivers_large_b,
          grunt_megastairs_3
Lair:4:   nzn_winding_woodlands_small [nzn_winding_woodlands_5x15_jagged,
          nzn_winding_woodlands_center_triple_pond,
          nzn_winding_woodlands_5x15_pockets], layout_long_grid,
          nicolae_slime_entry_slimehenge, nicolae_volcano_entry_two_sided,
          grunt_forest_large_clearing_hut
Lair:5:   hellmonk_lair_end_abyssal_woods, layout_big_grid, pond
Orc:1:    layout_diamond_mine, gammafunk_ghost_arena, serial_shops, shop
Orc:2:    grunt_orc_gardens, layout_caves, grunt_orc_garden, grunt_orc_garden,
          grunt_orc_garden, grunt_orc_garden, kennysheep_orc_chapel, uniq_urug

Skill      XL: |  1  2  3  4  5  6  7  8  9 10 11 12 13 14 15 |
---------------+----------------------------------------------+-----
Axes           | 4 5 6 8 9 10 12 14 16 18 | 18.0
Fighting       | 4 5 6 7 8 10 13 15 16 18 | 18.0
Armour         | 3 4 5 7 8 10 12 14 16 | 16.0
Shields        | 3 4 9 10 11 13 14 15 16 | 16.2
Throwing       | 2 3 |  3.9
Dodging        | 3 4 6 7 |  7.0

Action                   |  1- 3 |  4- 6 |  7- 9 | 10-12 | 13-15 | 16-18 || total
-------------------------+-------+-------+-------+-------+-------+-------++-------
Melee: Hand axe          |    81 |    65 |    30 |       |       |       ||   176
       Punch             |     1 |       |     2 |       |       |       ||     3
       Headbutt          |     8 |    12 |    39 |    96 |   252 |     5 ||   412
       Kick              |     7 |    16 |    55 |   181 |   355 |     7 ||   621
       War axe           |       |       |   188 |   612 |   375 |       ||  1175
       Demon whip        |       |       |       |       |    32 |       ||    32
       Broad axe         |       |       |       |       |   612 |    26 ||   638
Throw: Boomerang         |       |       |    60 |       |     4 |       ||    64
Invok: Berserk           |     2 |     5 |    13 |    19 |    44 |     1 ||    84
       Trog's Hand       |       |     1 |       |       |     5 |     1 ||     7
       Brothers in Arms  |       |       |       |     2 |     9 |     2 ||    13
  Use: Scroll            |     6 |     1 |     9 |     7 |     7 |     1 ||    31
       Potion            |     2 |     2 |     1 |     6 |     2 |       ||    13
 Stab: Petrified         |       |       |       |       |     1 |       ||     1
Armor: Animal skin       |    18 |       |       |       |       |       ||    18
       Ring mail         |    13 |    17 |     9 |       |       |       ||    39
       Chain mail        |       |       |    51 |       |       |       ||    51
       Plate armour      |       |       |    19 |   235 |   293 |    19 ||   566
Dodge: Dodged            |    43 |    17 |    58 |   171 |   170 |     9 ||   468
Block: Buckler           |       |       |     5 |       |       |       ||     5
       Kite shield       |       |       |    17 |   427 |   612 |    20 ||  1076
       Reflection        |       |       |       |     1 |    25 |     2 ||    28

Table legend:
 A = Non-vault XP
 B = Vault XP
 C = Vault XP percentage of total XP
 D = Non-vault monster count
 E = Vault monster count
 F = Vault count percentage of total count
                 A         B        C        D         E       F
            +---------+---------+-------+---------+---------+-------
      Total |   92101 |   64176 |  41.1 |     497 |     218 |  30.5
            +---------+---------+-------+---------+---------+-------
        D:1 |      33 |       0 |   0.0 |      18 |       0 |   0.0
        D:2 |      45 |      12 |  21.1 |      19 |       7 |  26.9
        D:3 |     292 |     309 |  51.4 |      27 |       2 |   6.9
        D:4 |     395 |      37 |   8.6 |      32 |      12 |  27.3
        D:5 |     210 |     197 |  48.4 |       6 |       1 |  14.3
        D:6 |     652 |      99 |  13.2 |      15 |       1 |   6.2
        D:7 |     955 |       3 |   0.3 |      17 |       1 |   5.6
        D:8 |    2842 |       2 |   0.1 |      29 |       1 |   3.3
        D:9 |    3037 |    1400 |  31.6 |      39 |       9 |  18.8
       D:10 |    5447 |    2795 |  33.9 |      33 |      12 |  26.7
       D:11 |    5330 |      57 |   1.1 |      14 |       1 |   6.7
       D:12 |    4129 |    3234 |  43.9 |      12 |      11 |  47.8
       D:13 |    4753 |   15737 |  76.8 |       9 |      23 |  71.9
       D:14 |   15592 |       0 |   0.0 |      32 |       0 |   0.0
       D:15 |   11164 |    9129 |  45.0 |      23 |      12 |  34.3
     Lair:1 |    5138 |    1744 |  25.3 |      24 |      24 |  50.0
     Lair:2 |    4175 |    4619 |  52.5 |      21 |      14 |  40.0
     Lair:3 |    4843 |    1235 |  20.3 |      24 |       6 |  20.0
     Lair:4 |    9573 |    4659 |  32.7 |      21 |      14 |  40.0
     Lair:5 |   10913 |   13701 |  55.7 |      41 |      46 |  52.9
      Orc:1 |     365 |       0 |   0.0 |       5 |       0 |   0.0
      Orc:2 |    2218 |    5207 |  70.1 |      36 |      21 |  36.8
            +---------+---------+-------+---------+---------+-------
